cohdb
Replays
Latest Replays
All Replays
Popular Replays
Top Player Replays
Match Explorer
How It Works
Community
CoH3 Stats
Reddit
Sign in to upload your games and track your stats! →
Sign in with Steam
Match 47142217
Unlisted
Match 47142217
Overview
Messages
Build Orders
End
Selects Italian Combined Arms Battlegroup
Selects Bersaglieri Squad
Bersaglieri Squad
250 Light Carrier
Panzerpioneer Squad
250 Light Carrier
Construct Light Support Kompanie
Combat Half-tracks
Construct Mechanized Kompanie
Panzerjäger Mechanized Group
Vehicle Survival Package
8 Rad Armored Car
Selects Semovente da 75/18 Assault Gun
Selects Carro Armato M13/40 Light Tank
Carro Armato M13/40 Light Tank
Be Frabjous
FD5797
water
It's Takotime
Sottwin
毛总mao
BaBaBuLuBaBear
Kimroot
0
0
Comments
sign in to comment!
No comments posted yet!